 Dungeon Crawl Stone Soup version 0.21-a0-531-gacddea6133 (webtiles) character file.

13058 MirrMurr the Archer (level 11, -10/145 HPs)
             Began as a Centaur Berserker on Dec 13, 2017.
             Was a High Priest of Trog.
             Killed from afar by a necromancer (22 damage)
             ... with a bolt of cold
             ... on level 13 of the Dungeon.
             The game lasted 00:33:16 (13395 turns).

MirrMurr the Archer (Centaur Berserker)            Turns: 13395, Time: 00:33:17

Health: -10/145    AC: 14    Str: 25    XL:     11   Next: 70%
Magic:  11/11      EV:  7    Int:  6    God:    Trog [*****.]
Gold:   592        SH:  0    Dex: 12    Spells: 10/10 levels left

rFire    + . .     SeeInvis .   a - +2 trident (venom)
rCold    . . .     Gourm    .   (no shield)
rNeg     . . .     Faith    .   D - +0 plate armour
rPois    .         Spirit   .   n - +0 helmet of Sunipt {rElec rF+}
rElec    +         Reflect  .   o - +0 cloak
rCorr    .         Harm     .   y - +1 pair of gloves
MR       .....                  (no barding)
Stlth    ..........             (no amulet)
HPRegen  0.34/turn              t - ring of flight
MPRegen  0.12/turn              (no ring)

@: berserking, very quick
A: large, hooves 3, deformed body, speed 2, tough skin 3
a: Berserk, Trog's Hand, Brothers in Arms, Burn Spellbooks, Renounce Religion,
Evoke Flight


You were on level 13 of the Dungeon.
You worshipped Trog.
Trog was extremely pleased with you.
You were not hungry.

You visited 2 branches of the dungeon, and saw 13 of its levels.

You collected 661 gold pieces.
You spent 69 gold pieces at shops.

Inventory:

Hand Weapons
 a - a +2 trident of venom (weapon)
 b - a +0 shortbow
Missiles
 g - 232 stones
 i - 21 poisoned needles
 k - 2 javelins
 u - 4 steel javelins (quivered)
 A - 56 arrows
Armour
 n - the +0 helmet of Sunipt (worn) {rElec rF+}
   (You took it off Robin on level 2 of the Dungeon)

   It protects you from fire.
   It insulates you from electricity.
 o - a +0 cloak (worn)
 y - a +1 pair of gloves (worn)
 D - a +0 plate armour (worn)
Jewellery
 t - a ring of flight (left hand)
 J - an uncursed ring of poison resistance {unknown}
 K - an uncursed ring of fire
 S - an uncursed ring of magical power {unknown}
Wands
 h - a wand of scattershot (5)
 H - a wand of digging (12)
 P - a wand of paralysis (13)
 R - a wand of enslavement (8)
Scrolls
 q - 2 scrolls of enchant weapon
 r - 6 scrolls of remove curse
 w - 2 scrolls of blinking
 B - a scroll of fog
 E - 3 scrolls of magic mapping
 L - 2 scrolls of teleportation
Potions
 e - 4 potions of invisibility
 f - 2 potions of resistance
 l - a potion of lignification
 s - a potion of cancellation {unknown}
 v - 2 potions of agility
 x - a potion of flight {unknown}
 z - 9 potions of curing
 C - a potion of berserk rage {unknown}
 F - a potion of degeneration {unknown}
 G - a potion of ambrosia {unknown}
 I - a potion of haste
 O - a potion of experience {unknown}
 Q - 2 potions of heal wounds
Books
 d - a book of Cantrips

   Spells                             Type                      Level
   a - Confusing Touch                Hexes                        1
   b - Animate Skeleton               Necromancy                   1
   c - Summon Small Mammal            Summoning                    1
   d - Apportation                    Translocation                1
   Trog disapproves of the use of such an item.
 j - a book of Changes

   Spells                             Type                      Level
   a - Beastly Appendage              Transmutation                1
   b - Sticks to Snakes               Transmutation                2
   c - Spider Form                    Transmutation/Poison         3
   d - Ice Form                       Ice/Transmutation            4
   e - Blade Hands                    Transmutation                5
   Trog disapproves of the use of such an item.
 N - a book of Minor Magic

   Spells                             Type                      Level
   a - Magic Dart                     Conjuration                  1
   b - Blink                          Translocation                2
   c - Call Imp                       Summoning                    2
   d - Slow                           Hexes                        2
   e - Conjure Flame                  Conjuration/Fire             3
   f - Mephitic Cloud                 Conjuration/Poison/Air       3
   Trog disapproves of the use of such an item.
Comestibles
 c - 8 bread rations
 m - 12 royal jellies
 p - a meat ration
 M - 8 fruits


   Skills:
 + Level 9.0 Fighting
 + Level 9.3 Polearms
 * Level 12.7 Bows
 - Level 3.9 Armour
 + Level 6.6 Dodging


You had 10 spell levels left.
You didn't know any spells.

Dungeon Overview and Level Annotations

Branches:
Dungeon (11/15)            Temple (1/1) D:5            Lair (0/6) D:8
    Orc (0/2) D:9

Altars:
Yredelemnul
Beogh

Shops:
D:4 (   D:10 *


Innate Abilities, Weirdness & Mutations

You have hooves in place of feet.
Armour fits poorly on your strangely shaped body.
You cover ground very quickly.
You have extremely tough skin. (AC +3)


Message History

You kill the troll!
Trog accepts your kill. The orc hits you with a morningstar.
* * * LOW HITPOINT WARNING * * *
The necromancer mumbles some strange words.
The necromancer binds the souls of nearby monsters.
You hear a shout!
You puncture the centaur warrior zombie!
The centaur warrior zombie is moderately damaged.
The orc hits you with a mace.
* * * LOW HITPOINT WARNING * * *
The orc warrior hits you but does no damage.
The centaur warrior zombie hits you but does no damage.
You puncture the centaur warrior zombie!
You kick the centaur warrior zombie!!
The centaur warrior zombie is heavily damaged.
The necromancer gestures at you while chanting.
The bolt of cold hits the centaur warrior zombie.
The centaur warrior zombie resists.
The bolt of cold hits you!
You die...

) ..
#####p###
##oo......
#.@Z......
#†)o......
#.#+######
.. ..%
.... .....
......


You could see a necromancer, an orc warrior, 2 orcs and a centaur warrior
zombie.

Vanquished Creatures
  Erica (D:8)
  A two-headed ogre (D:13)
  The ghost of Lifeless the Cleaver, a novice MiBe of Trog (D:10)
  3 unseen horrors
  The ghost of zaRGo the Chopper, a novice HOFi of Trog (D:4)
  An ugly thing (D:11)
  2 trolls
  A queen bee (D:8)
  Prince Ribbit (D:6)
  3 slime creatures (D:10)
  3 hippogriffs
  A hippogriff (shapeshifter) (D:13)
  6 yaks
  Eustachio (D:5)
  A hungry ghost (D:11)
  2 wargs
  Duvessa (D:5)
  5 orc warriors
  2 ice beasts
  A sky beast (D:6)
  A black bear (D:7)
  An eye of draining (D:10)
  4 ogres
  2 centaurs
  A phantom (D:6)
  Blork the orc (D:6)
  5 bullfrogs
  A wyvern zombie (D:10)
  Dowan (D:5)
  4 scorpions
  20 killer bees
  2 howler monkeys
  2 crimson imps
  A bullfrog zombie (D:11)
  A quasit (D:9)
  2 bullfrog skeletons
  3 hounds
  12 orc wizards
  8 orc priests
  Crazy Yiuf (D:5)
  2 centaur zombies
  3 jellies
  Terence (D:2)
  6 iguanas
  6 worker ants
  3 worker ant zombies
  Robin (D:2)
  3 gnolls (D:8)
  14 adders
  A shadow imp (D:10)
  An adder zombie (D:9)
  3 adder skeletons
  4 worms
  2 leopard geckos (D:5)
  62 orcs
  3 giant cockroaches
  14 goblins
  15 hobgoblins
  9 kobolds
  4 quokkas
  6 bats
  3 frilled lizards
  A leopard gecko zombie (D:6)
  3 rats
281 creatures vanquished.

Notes
Turn   | Place    | Note
-------+----------+-------------------------------------------
     0 | D:1      | MirrMurr the Centaur Berserker began the quest for the Orb.
     0 | D:1      | Reached XP level 1. HP: 19/19 MP: 1/1
   253 | D:1      | Reached XP level 2. HP: 23/26 MP: 2/2
  1121 | D:2      | Reached XP level 3. HP: 31/31 MP: 3/3
  1296 | D:2      | Noticed Robin
  1445 | D:2      | Noticed Terence
  1469 | D:2      | Killed Terence
  1469 | D:2      | Reached XP level 4. HP: 38/38 MP: 4/4
  1563 | D:2      | Reached ** piety under Trog
  1774 | D:2      | Killed Robin
  1789 | D:2      | Got a brightly glowing helmet
  2067 | D:2      | Identified the cursed +0 helmet of Sunipt {rElec rF+} (You took it off Robin on level 2 of the Dungeon)
  2422 | D:2      | Reached XP level 5. HP: 46/46 MP: 5/5
  2574 | D:3      | Found a faded altar of an unknown god.
  3067 | D:3      | Reached XP level 6. HP: 52/52 MP: 6/6
  3228 | D:3      | Found a basalt altar of Yredelemnul.
  3266 | D:4      | Reached *** piety under Trog
  3285 | D:4      | Received a gift from Trog
  3459 | D:4      | Reached skill level 5 in Polearms
  3561 | D:4      | Reached XP level 7. HP: 44/60 MP: 7/7
  3762 | D:4      | Noticed zaRGo's ghost (novice HOFi)
  3774 | D:4      | Killed zaRGo's ghost
  3774 | D:4      | Reached skill level 5 in Fighting
  3774 | D:4      | Reached XP level 8. HP: 68/68 MP: 8/8
  3884 | D:4      | Found Foebuer's Antique Weapon Emporium.
  3895 | D:4      | Bought a shortbow for 69 gold pieces
  4445 | D:5      | Entered Level 5 of the Dungeon
  4522 | D:5      | Found a runed door.
  4526 | D:5      | Noticed Crazy Yiuf
  4542 | D:5      | Killed Crazy Yiuf
  4585 | D:5      | Noticed Eustachio
  4599 | D:5      | Killed Eustachio
  4599 | D:5      | Reached skill level 1 in Bows
  4640 | D:5      | Noticed Duvessa
  4640 | D:5      | Noticed Dowan
  4668 | D:5      | Killed Duvessa
  4671 | D:5      | Killed Dowan
  4671 | D:5      | Reached skill level 2 in Bows
  5047 | D:5      | Found a staircase to the Ecumenical Temple.
  5068 | Temple   | Entered the Ecumenical Temple
  5172 | D:6      | Noticed Blork the orc
  5207 | D:6      | Killed Blork the orc
  5395 | D:6      | Reached skill level 3 in Bows
  5686 | D:6      | Reached skill level 4 in Bows
  5950 | D:6      | Reached XP level 9. HP: 75/75 MP: 9/9
  6103 | D:6      | Noticed Prince Ribbit
  6112 | D:6      | Killed Prince Ribbit
  6112 | D:6      | Reached skill level 5 in Bows
  6741 | D:7      | Reached skill level 6 in Bows
  7402 | D:8      | Reached skill level 7 in Bows
  7649 | D:8      | Reached **** piety under Trog
  7931 | D:8      | Noticed Erica
  7937 | D:8      | Noticed a queen bee
  7940 | D:8      | Killed Erica
  7940 | D:8      | Reached skill level 8 in Bows
  7940 | D:8      | Reached skill level 5 in Dodging
  7940 | D:8      | Reached XP level 10. HP: 86/86 MP: 10/10
  8428 | D:8      | Reached skill level 9 in Bows
  9209 | D:8      | Found a staircase to the Lair.
  9267 | D:8      | Received a gift from Trog
  9696 | D:9      | Reached skill level 10 in Bows
  9990 | D:9      | Found a staircase to the Orcish Mines.
 10024 | D:9      | Found a roughly hewn altar of Beogh.
 10929 | D:10     | Entered Level 10 of the Dungeon
 10951 | D:10     | Found Hunlatsy's General Store.
 10973 | D:10     | Noticed Lifeless's ghost (novice MiBe)
 11014 | D:10     | Killed Lifeless's ghost
 11014 | D:10     | Reached skill level 11 in Bows
 11115 | D:10     | Reached XP level 11. HP: 94/94 MP: 11/11
 11400 | D:10     | Reached ***** piety under Trog
 11594 | D:10     | Killed an unseen horror
 12041 | D:10     | Received a gift from Trog
 12630 | D:11     | Noticed a purple ugly thing
 12654 | D:11     | Killed a purple ugly thing
 12677 | D:11     | Reached skill level 12 in Bows
 13099 | D:11     | Killed an unseen horror
 13123 | D:11     | Killed an unseen horror
 13372 | D:11     | You fall through a shaft for 2 floors!
 13372 | D:13     | Noticed a two-headed ogre
 13384 | D:13     | Killed a two-headed ogre
 13388 | D:13     | Noticed a necromancer
 13395 | D:13     | Killed from afar by a necromancer

Vault maps used:
D:1:      mrwooster_arrival_arrow
D:2:      guppyfry_early_orc_mine, uniq_robin, uniq_terence
D:3:      nicolae_overflow_hidden_temple, chequers_ecumenical_altar_simple_redux
D:4:      serial_shops, nicolae_shop_waterfront
D:5:      temple_statues, first_bread, minmay_misc_feat_cross, kennysheep_boxes,
          uniq_duvessa, uniq_crazy_yiuf_cottage, uniq_eustachio
D:6:      uniq_blork_the_orc, uniq_prince_ribbit1
D:8:      erik_lair_orcish_takeover, david_nohive_1, uniq_erica
D:9:      minmay_orc_entry_temple_small
D:10:     serial_shops, nicolae_shop_window_shopping, special_room
D:13:     david_vaults_1
Temple:   kilobyte_greek_temple

Skill      XL: |  1  2  3  4  5  6  7  8  9 10 11 |
---------------+----------------------------------+-----
Polearms       | 3 4 5 6 7 8 9 |  9.3
Dodging        | 2 3 4 5 6 |  6.6
Armour         | 2 3 |  3.9
Fighting       | 4 5 7 8 9 |  9.0
Bows           | 4 8 11 12 | 12.7

Action                   |  1- 3 |  4- 6 |  7- 9 | 10-12 || total
-------------------------+-------+-------+-------+-------++-------
Melee: Spear             |   118 |    41 |       |       ||   159
       Kick              |     5 |    25 |    44 |   110 ||   184
       Trident           |       |   108 |   200 |   342 ||   650
       Shortbow          |       |       |       |     2 ||     2
 Fire: Shortbow          |       |       |    92 |   272 ||   364
Throw: Stone             |     9 |       |       |    16 ||    25
       Javelin           |       |     2 |       |       ||     2
Invok: Berserk           |     1 |     1 |     3 |     6 ||    11
       Trog's Hand       |       |     2 |     2 |     2 ||     6
  Use: Scroll            |       |     7 |     7 |     5 ||    19
       Potion            |       |       |       |     1 ||     1
  Eat: Chunk             |     1 |     8 |    13 |    19 ||    41
       Fruit             |       |       |       |     3 ||     3
       Meat ration       |       |       |       |     1 ||     1
Armor: Animal skin       |     3 |       |       |       ||     3
       Scale mail        |    15 |    27 |       |       ||    42
       Chain mail        |       |    29 |    32 |       ||    61
       Plate armour      |       |       |    83 |   283 ||   366
Dodge: Dodged            |    26 |    31 |    58 |   103 ||   218

Table legend:
 A = Spawn XP
 B = Non-spawn XP
 C = Spawn XP percentage of total XP
 D = Spawn monster count
 E = Non-spawn monster count
 F = Spawn count percentage of total count
 G = Total turns spent on level
                    A         B        C        D         E        F      G
               +---------+---------+-------+---------+---------+-------+---------
         Total |       0 |   18655 |   0.0 |       0 |     281 |   0.0 | 13395
               +---------+---------+-------+---------+---------+-------+---------
           D:1 |       0 |      23 |   0.0 |       0 |      13 |   0.0 |   947
           D:2 |       0 |     207 |   0.0 |       0 |      43 |   0.0 |  1663
           D:3 |       0 |     160 |   0.0 |       0 |      17 |   0.0 |   764
           D:4 |       0 |    1110 |   0.0 |       0 |      21 |   0.0 |  1071
           D:5 |       0 |     659 |   0.0 |       0 |      11 |   0.0 |   835
           D:6 |       0 |    1373 |   0.0 |       0 |      22 |   0.0 |  1400
           D:7 |       0 |    1059 |   0.0 |       0 |      10 |   0.0 |  1735
           D:8 |       0 |    3655 |   0.0 |       0 |      45 |   0.0 |  1219
           D:9 |       0 |    1366 |   0.0 |       0 |      31 |   0.0 |  1532
          D:10 |       0 |    4270 |   0.0 |       0 |      51 |   0.0 |  1358
          D:11 |       0 |    3294 |   0.0 |       0 |      13 |   0.0 |   846
          D:13 |       0 |    1479 |   0.0 |       0 |       4 |   0.0 |    23
               +---------+---------+-------+---------+---------+-------+---------
